 Dungeon Crawl Stone Soup version 0.25-a0-458-g6fc7858b95 (webtiles) character file.

Game seed: 1638576908923693377, levelgen mode: deterministic

1313 mopl the Ruffian (level 8, 0/75 HPs)
             Began as a Troll Arcane Marksman on Feb 3, 2020.
             Slain by an orc warrior
             ... wielding a +0 mace
              (18 damage)
             ... on level 6 of the Dungeon.
             The game lasted 00:05:53 (3056 turns).

mopl the Ruffian (Troll Arcane Marksman)            Turns: 3056, Time: 00:05:54

Health: 0/75       AC:  7    Str: 22    XL:     8   Next: 32%
Magic:  8/8        EV: 11    Int:  9    God:
Gold:   162        SH:  0    Dex: 12    Spells: 0/9 levels left

rFire    . . .     SeeInvis .     - Unarmed
rCold    + . .     Gourm    +   (no shield)
rNeg     . . .     Faith    .   a - +0 robe
rPois    .         Spirit   .   (helmet restricted)
rElec    .         Reflect  .   (no cloak)
rCorr    .         Harm     .   (gloves unavailable)
MR       .....                  (boots unavailable)
Stlth    +.........             (no amulet)
HPRegen  0.62/turn              g - ring of protection from cold
MPRegen  0.11/turn              D - ring "Fudghacui" {AC+1 Str+3}

@: no status effects
A: large, unfitting armour, claws 3, fast metabolism 3, gourmand, regeneration
1, shaggy fur 1, tough skin 3
a: no special abilities


You were on level 6 of the Dungeon.
You were completely stuffed.

You visited 1 branch of the dungeon, and saw 5 of its levels.

You collected 162 gold pieces.

Inventory:

Hand Weapons
 t - a +0 hunting sling
 C - a +1 spear of pain
Missiles
 b - 33 arrows
 c - 7 large rocks
 d - 2 throwing nets
 e - 92 stones
 l - 45 bolts
 q - 16 poisoned darts (quivered)
 s - 8 boomerangs
 F - 2 silver boomerangs
Armour
 a - a +0 robe (worn)
Jewellery
 g - a ring of protection from cold (left claw)
 B - an uncursed ring of wizardry
 D - the ring "Fudghacui" (right claw) {AC+1 Str+3}
   (You found it on level 4 of the Dungeon)

   [ring of protection]

   It affects your AC (+1).
   It affects your strength (+3).
Wands
 E - a wand of flame (14)
Scrolls
 i - 2 scrolls of teleportation {unknown}
 j - 2 scrolls of enchant armour {unknown}
 n - a scroll of blinking {unknown}
 o - a scroll of enchant weapon {unknown}
 v - a scroll of magic mapping {unknown}
 w - a scroll of random uselessness {unknown}
 x - a scroll of fog {unknown}
 y - 2 scrolls of identify
 A - a scroll of fear {unknown}
Potions
 h - 2 potions of heal wounds {unknown}
 k - 2 potions of might
 m - a potion of flight
 p - a potion of invisibility
 r - 3 potions of curing
 u - 2 potions of haste {unknown}
 G - a potion of brilliance {unknown}
Comestibles
 f - 8 rations
 z - 12 chunks of flesh


   Skills:
 + Level 3.2 Fighting
 + Level 2.0(2.7) Slings
 + Level 3.8(4.3) Throwing
 + Level 2.9 Armour
 + Level 3.5 Dodging
 * Level 5.4 Unarmed Combat
 - Level 1.0 Spellcasting
 - Level 2.0 Hexes


You couldn't memorise any spells.
You knew the following spells:

 Your Spells              Type           Power        Failure   Level  Hunger
a - Corona                Hex            #......      16%         1    ##.....
b - Slow                  Hex            #.......     24%         2    ###....
c - Inner Flame           Hex/Fire       #.......     58%         3    ####...
d - Portal Projectile     Hex/Tloc       #.....       58%         3    ####...

Your spell library contained the following spells:

 Spells                   Type           Power        Failure   Level  Hunger
 Cause Fear               Hex            #.........   85%         4    #####..
 Leda's Liquefaction      Hex/Erth       #.........   94%         4    #####..


Dungeon Overview and Level Annotations

Branches:
Dungeon (4/15)
 Temple: D:4-7

Altars:
Cheibriados
Fedhas
Sif Muna
The Shining One

Annotations:
D:2 2 transporters


Innate Abilities, Weirdness & Mutations

You are too large for most types of armour.
You have claws for hands.
Your metabolism is lightning-fast.
You like to eat raw meat.
Your natural rate of healing is unusually fast.
You are covered in fur. (AC +1)
You have extremely tough skin. (AC +3)


Message History

The orc priest is moderately wounded.
The orc priest closely misses you.
You barely miss the orc priest.
The orc priest is moderately wounded.
The orc priest calls down the wrath of Beogh upon you.
Pain shoots through your body!
The orc warrior hits you with a +0 mace!
* * * LOW HITPOINT WARNING * * *
The orc priest invokes the aid of Beogh against you.
You struggle to resist.
There is an open door here.
An orc wizard comes into view.
It is wielding a +0 dagger and wearing a +0 robe of magic resistance.
The orc wizard shouts!
The orc priest calls down the wrath of Beogh upon you.
Beogh smites you!
* * * LOW HITPOINT WARNING * * *
It was a potion of curing.
You feel better.
The orc wizard hits you but does no damage.
The orc warrior hits you with a +0 mace!!
You die...

..... .... ####
#..# ..#...##..#
..........#
.....<....+
.##...##'## #..
#..###########. .'.
#...o.o@....... ..#
#......o....... .
#######'#######
##..###..##.##
#...#.........+
#...'.........#
#...##+####..## #
#...##...##..# .##
#
##..##...##..##...#


You could see an orc warrior, an orc priest and an orc wizard.

Vanquished Creatures
  A two-headed ogre (D:4)
  2 phantoms
  2 crimson imps (D:6)
  4 orc priests
  A centaur skeleton (D:4)
  5 orc wizards
  A worker ant (D:4)
  A hound zombie (D:6)
  4 adders
  A gnoll (D:4)
  2 oozes (D:3)
  A worm (D:2)
  A dart slug (D:1)
  A leopard gecko (D:3)
  19 orcs
  6 giant cockroaches
  5 goblins
  3 hobgoblins (D:3)
  3 jackals (D:3)
  A quokka (D:6)
  A bat (D:1)
  3 frilled lizards
  8 kobolds
  8 rats
84 creatures vanquished.

Notes
Turn   | Place    | Note
-------+----------+-------------------------------------------
     0 | D:1      | mopl the Troll Arcane Marksman began the quest for the Orb.
     0 | D:1      | Reached XP level 1. HP: 18/18 MP: 1/1
   244 | D:1      | You fall into a shaft and drop 1 floor!
   256 | D:2      | Found a blossoming altar of Fedhas.
   256 | D:2      | Noticed an ice beast
   258 | D:2      | Found a transporter.
   258 | D:2      | Noticed an ogre
   258 | D:2      | Noticed an ogre
   287 | D:2      | Found a transporter.
   294 | D:2      | Reached skill level 1 in Fighting
   334 | D:2      | Found a glowing golden altar of the Shining One.
   346 | D:2      | Reached XP level 2. HP: 27/27 MP: 2/2
   627 | D:1      | Reached skill level 1 in Unarmed Combat
  1168 | D:2      | Reached skill level 2 in Throwing
  1175 | D:2      | Reached XP level 3. HP: 30/33 MP: 3/3
  1509 | D:3      | Found a snail-covered altar of Cheibriados.
  1546 | D:3      | Reached skill level 2 in Dodging
  1553 | D:3      | Reached skill level 2 in Unarmed Combat
  1590 | D:3      | Reached skill level 1 in Armour
  1590 | D:3      | Reached XP level 4. HP: 41/41 MP: 4/4
  1744 | D:3      | Found a blossoming altar of Fedhas.
  1757 | D:3      | Reached XP level 5. HP: 35/48 MP: 5/5
  2175 | D:3      | Found a shimmering blue altar of Sif Muna.
  2196 | D:3      | Found a faded altar of an unknown god.
  2273 | D:4      | Noticed a phantom
  2301 | D:4      | Killed a phantom
  2301 | D:4      | Reached skill level 3 in Unarmed Combat
  2365 | D:4      | Reached skill level 2 in Fighting
  2382 | D:4      | Reached XP level 6. HP: 52/57 MP: 6/6
  2390 | D:4      | Got a coiled copper ring
  2392 | D:4      | Identified the ring "Fudghacui" {AC+1 Str+3} (You found it
                  | on level 4 of the Dungeon)
  2594 | D:4      | Reached skill level 3 in Throwing
  2643 | D:4      | Noticed a two-headed ogre
  2675 | D:4      | Killed a two-headed ogre
  2675 | D:4      | Reached skill level 1 in Slings
  2675 | D:4      | Reached skill level 2 in Armour
  2675 | D:4      | Reached skill level 3 in Dodging
  2675 | D:4      | Reached skill level 4 in Unarmed Combat
  2675 | D:4      | Reached XP level 7. HP: 22/66 MP: 7/7
  2675 | D:4      | Reached XP level 8. HP: 25/74 MP: 8/8
  2821 | D:4      | Reached skill level 3 in Fighting
  2821 | D:4      | Reached skill level 5 in Unarmed Combat
  2883 | D:4      | Learned a level 2 spell: Slow
  2887 | D:4      | Learned a level 3 spell: Inner Flame
  2891 | D:4      | Learned a level 3 spell: Portal Projectile
  2933 | D:4      | You fall into a shaft and drop 2 floors!
  2973 | D:6      | Reached skill level 2 in Slings
  3056 | D:6      | Slain by an orc warrior

Levels and vault maps discovered:
D:1:      wheals_arrival_shading, layout_loops_corners
D:2:      layout_loops_ring, gammafunk_temple_overflow_arena, tso_altar,
          first_ration
D:3:      layout_basic, lemuel_crystal_altar, lemuel_blue_sif_altar,
          chequers_ecumenical_altar_simple_redux, minmay_hedge_maze,
          lemuel_altar_in_water
D:4:      layout_rooms, kennysheep_generic_room_11, uniq_eustachio
D:6:      layout_gridville

Skill      XL: |  1  2  3  4  5  6  7  8 |
---------------+-------------------------+-----
Fighting       | 1 2 3 |  3.2
Unarmed Combat | 1 2 3 4 5 |  5.4
Throwing       | 2 3 |  3.8
Dodging        | 2 3 |  3.5
Armour         | 1 2 |  2.9
Slings         | 1 2 |  2.0
Spellcasting   | |  1.0
Hexes          | |  2.0

Action                   |  1- 3 |  4- 6 |  7- 9 || total
-------------------------+-------+-------+-------++-------
Melee: Unarmed           |   105 |   157 |    63 ||   325
       Punch             |     1 |     4 |       ||     5
Throw: Boomerang         |       |    12 |       ||    12
       Dart              |       |     5 |       ||     5
       Large rock        |       |     1 |       ||     1
  Use: Scroll            |     3 |       |       ||     3
       Potion            |       |       |     1 ||     1
 Stab: Sleeping          |     1 |       |       ||     1
  Eat: Chunk             |    20 |    10 |     4 ||    34
Armor: Robe              |    32 |    35 |    18 ||    85
Dodge: Dodged            |    55 |    58 |    26 ||   139

Table legend:
 A = Non-vault XP
 B = Vault XP
 C = Vault XP percentage of total XP
 D = Non-vault monster count
 E = Vault monster count
 F = Vault count percentage of total count
                 A         B        C        D         E       F
            +---------+---------+-------+---------+---------+-------
      Total |    1864 |      13 |   0.7 |      83 |       1 |   1.2
            +---------+---------+-------+---------+---------+-------
        D:1 |      17 |       0 |   0.0 |      10 |       0 |   0.0
        D:2 |      29 |       0 |   0.0 |       9 |       0 |   0.0
        D:3 |     349 |       0 |   0.0 |      39 |       0 |   0.0
        D:4 |    1307 |      13 |   1.0 |      17 |       1 |   5.6
        D:6 |     162 |       0 |   0.0 |       8 |       0 |   0.0
            +---------+---------+-------+---------+---------+-------
